TOP OF THE 1ST |
Phoenix Hotspur Reserves batting - Pitching for Salt Lake City Buzz : LHP Gerardo Carlos
|
Pitching: LHP Gerardo Carlos
|
|
Batting: RHB Gabriel Pérez
|
0-0: Called Strike 0-1: Bunted foul 0-2: Ball 1-2: Ground out 6-3 (Groundball, 6)
|
Batting: RHB Júlio Mateo
|
0-0: Called Strike 0-1: Ball 1-1: Foul Ball, location: 2F 1-2: Ball 2-2: Ball 3-2: Base on Balls
|
Batting: RHB Martín Martínez
|
0-0: SINGLE (Groundball, 56D) Júlio Mateo to second
|
Batting: SHB Roberto López
|
0-0: Ball 1-0: Ball 2-0: Ball 3-0: Called Strike 3-1: Base on Balls Júlio Mateo to third Martín Martínez to second
|
Batting: RHB Randy Rehling
|
0-0: Ball 1-0: Fly out, F7 (Flyball, 78M) Runner from 3rd tags up, SCORES, throw made
|
Batting: RHB Fernando Rivera
|
0-0: Ball 1-0: Foul Ball, location: 2F 1-1: Swinging Strike 1-2: Foul Ball, location: 2F 1-2: Foul Ball, location: 2F 1-2: Fly out, F3 (Popup, 3DF)
|
Top of the 1st over - 1 run(s), 1 hit(s), 0 error(s), 2 left on base; Phoenix 1 - Salt Lake City 0 |
BOTTOM OF THE 1ST |
Salt Lake City Buzz batting - Pitching for Phoenix Hotspur Reserves : RHP Bob Cook
|
Pitching: RHP Bob Cook
|
|
Batting: RHB Roberto Ríos
|
0-0: Called Strike 0-1: Called Strike 0-2: Strikes out looking
|
Batting: LHB Valentín Salas
|
0-0: Ball 1-0: Called Strike 1-1: Ball 2-1: SINGLE (Groundball, 5D)
|
Batting: LHB George Huffman
|
0-0: Ball 1-0: Swinging Strike 1-1: Ball 2-1: Foul Ball, location: 2F 2-2: Foul Ball, location: 2F 2-2: Ball 3-2: Foul Ball, location: 2F 3-2: Strikes out swinging Valentín Salas steals 2nd base Batter strikes out.
|
Batting: RHB Gustavo Mateo
|
0-0: Fly out, F8 (Flyball, 8LS)
|
Bottom of the 1st over - 0 run(s), 1 hit(s), 0 error(s), 1 left on base; Phoenix 1 - Salt Lake City 0 |
TOP OF THE 2ND |
Phoenix Hotspur Reserves batting - Pitching for Salt Lake City Buzz : LHP Gerardo Carlos
|
Batting: RHB Mike Alford
|
0-0: Fly out, F9 (Flyball, 89M)
|
Batting: SHB Jesús González
|
0-0: Ball 1-0: Ball 2-0: Called Strike 2-1: Fly out, F9 (Flyball, 89M)
|
Batting: RHB Christian O'Neal
|
0-0: Swinging Strike 0-1: SINGLE (Groundball, 6M)
|
Batting: RHB Gabriel Pérez
|
0-0: Called Strike 0-1: Ground out 5-3 (Groundball, 5S)
|
Top of the 2nd over - 0 run(s), 1 hit(s), 0 error(s), 1 left on base; Phoenix 1 - Salt Lake City 0 |
BOTTOM OF THE 2ND |
Salt Lake City Buzz batting - Pitching for Phoenix Hotspur Reserves : RHP Bob Cook
|
Batting: SHB Wayne Saunders
|
0-0: Fly out, F4 (Line Drive, 4)
|
Batting: SHB Carlton Reed
|
0-0: Called Strike 0-1: Ball 1-1: Called Strike 1-2: SINGLE (Groundball, 6M)
|
Batting: RHB Zach Lewis
|
0-0: SINGLE (Groundball, 6D) Carlton Reed to second
|
Batting: RHB Jim Coffey
|
0-0: Ball 1-0: Grounds into double play, 4-6-3 (Groundball, 4M)
|
Bottom of the 2nd over - 0 run(s), 2 hit(s), 0 error(s), 1 left on base; Phoenix 1 - Salt Lake City 0 |
TOP OF THE 3RD |
Phoenix Hotspur Reserves batting - Pitching for Salt Lake City Buzz : LHP Gerardo Carlos
|
Batting: RHB Júlio Mateo
|
0-0: Ball 1-0: Foul Ball, location: 2F 1-1: Foul Ball, location: 2F 1-2: Foul Ball, location: 2F 1-2: Strikes out looking
|
Batting: RHB Martín Martínez
|
0-0: Swinging Strike 0-1: Called Strike 0-2: Ball 1-2: Ball 2-2: Ball 3-2: Foul Ball, location: 2F 3-2: Fly out, F6 (Popup, 6D)
|
Batting: SHB Roberto López
|
0-0: Ball 1-0: Called Strike 1-1: Ball 2-1: Fly out, F8 (Flyball, 89S)
|
Top of the 3rd over - 0 run(s), 0 hit(s), 0 error(s), 0 left on base; Phoenix 1 - Salt Lake City 0 |
BOTTOM OF THE 3RD |
Salt Lake City Buzz batting - Pitching for Phoenix Hotspur Reserves : RHP Bob Cook
|
Batting: RHB Juan Martínez
|
0-0: Ball 1-0: Ball 2-0: Ball 3-0: Called Strike 3-1: Swinging Strike 3-2: Strikes out looking
|
Batting: RHB Roberto Ríos
|
0-0: Called Strike 0-1: Ball 1-1: Called Strike 1-2: Ball 2-2: Ball 3-2: Strikes out swinging
|
Batting: LHB Valentín Salas
|
0-0: Ball 1-0: Ball 2-0: Called Strike 2-1: Ball 3-1: Base on Balls
|
Batting: LHB George Huffman
|
0-0: Swinging Strike 0-1: Foul Ball, location: 2F 0-2: Ball Valentín Salas steals 2nd base 1-2: Strikes out swinging
|
Bottom of the 3rd over - 0 run(s), 0 hit(s), 0 error(s), 1 left on base; Phoenix 1 - Salt Lake City 0 |
TOP OF THE 4TH |
Phoenix Hotspur Reserves batting - Pitching for Salt Lake City Buzz : LHP Gerardo Carlos
|
Batting: RHB Randy Rehling
|
0-0: Ball 1-0: Foul Ball, location: 2F 1-1: Ball 2-1: SINGLE (Groundball, 56D)
|
Batting: RHB Fernando Rivera
|
0-0: Ball 1-0: Foul Ball, location: 2F 1-1: Ball 2-1: Foul Ball, location: 2F 2-2: SINGLE (Line Drive, 6MD) Randy Rehling to second
|
Batting: RHB Mike Alford
|
0-0: Ball 1-0: Called Strike 1-1: Foul Ball, location: 2F 1-2: Grounds out, U3 (Groundball, 3L) Randy Rehling to third
|
Batting: SHB Jesús González
|
0-0: Called Strike 0-1: Foul Ball, location: 2F 0-2: Ball 1-2: Ball 2-2: SINGLE (Groundball, 5L) Randy Rehling scores Fernando Rivera to third Runner from 3rd tries for Home, SAFE, no throw or cutoff
|
Batting: RHB Christian O'Neal
|
0-0: Foul Ball, location: 2F 0-1: Ball 1-1: Ball 2-1: Ball 3-1: Swinging Strike 3-2: Base on Balls Jesús González to second
|
Batting: RHB Gabriel Pérez
|
0-0: SINGLE (Line Drive, 6D) Jesús González to third Christian O'Neal to second
|
Batting: RHB Júlio Mateo
|
0-0: Called Strike 0-1: Ball 1-1: Called Strike 1-2: Ball 2-2: Strikes out looking
|
Batting: RHB Martín Martínez
|
0-0: Called Strike 0-1: Ball 1-1: Fielders Choice at 2nd, 5-4 (Groundball, 56)
|
Top of the 4th over - 2 run(s), 4 hit(s), 0 error(s), 2 left on base; Phoenix 3 - Salt Lake City 0 |
BOTTOM OF THE 4TH |
Salt Lake City Buzz batting - Pitching for Phoenix Hotspur Reserves : RHP Bob Cook
|
Batting: RHB Gustavo Mateo
|
0-0: Ground out 3-1 (Groundball, 34S)
|
Batting: SHB Wayne Saunders
|
0-0: Called Strike 0-1: Ball 1-1: Foul Ball, location: 2F 1-2: Fly out, F7 (Popup, 6D)
|
Batting: SHB Carlton Reed
|
0-0: Ball 1-0: Ball 2-0: Called Strike 2-1: Foul Ball, location: 2F 2-2: Ball 3-2: Base on Balls
|
Batting: RHB Zach Lewis
|
0-0: Foul Ball, location: 2F 0-1: Called Strike 0-2: Ground out 5-3 (Groundball, 56S)
|
Bottom of the 4th over - 0 run(s), 0 hit(s), 0 error(s), 1 left on base; Phoenix 3 - Salt Lake City 0 |
TOP OF THE 5TH |
Phoenix Hotspur Reserves batting - Pitching for Salt Lake City Buzz : LHP Gerardo Carlos
|
Pitching: RHP Alberto García
|
|
Batting: SHB Roberto López
|
0-0: Called Strike 0-1: Ball 1-1: Ball 2-1: Foul Ball, location: 2F 2-2: Ball 3-2: Fly out, F7 (Flyball, 7S)
|
Batting: RHB Randy Rehling
|
0-0: Called Strike 0-1: Foul Ball, location: 2F 0-2: Ball 1-2: Ball 2-2: Foul Ball, location: 2F 2-2: Strikes out swinging
|
Batting: RHB Fernando Rivera
|
0-0: Ball 1-0: Foul Ball, location: 2F 1-1: Ground out 5-3 (Groundball, 56)
|
Top of the 5th over - 0 run(s), 0 hit(s), 0 error(s), 0 left on base; Phoenix 3 - Salt Lake City 0 |
BOTTOM OF THE 5TH |
Salt Lake City Buzz batting - Pitching for Phoenix Hotspur Reserves : RHP Bob Cook
|
Batting: RHB Jim Coffey
|
0-0: Called Strike 0-1: SINGLE (Flyball, 89S)
|
Batting: RHB Juan Martínez
|
0-0: Bunt missed! 0-1: Sac Bunt - play at first, batter safe! Jim Coffey to second
|
Batting: RHB Roberto Ríos
|
0-0: Called Strike 0-1: Called Strike 0-2: Strikes out looking
|
Batting: LHB Valentín Salas
|
0-0: Called Strike 0-1: Foul Ball, location: 2F 0-2: Ball 1-2: Fly out, F9 (Line Drive, 89S)
|
Batting: LHB George Huffman
|
0-0: Called Strike 0-1: Called Strike 0-2: Ball 1-2: Ball 2-2: Ball 3-2: Foul Ball, location: 2F 3-2: Ground out 1-3 (Groundball, 13S)
|
Bottom of the 5th over - 0 run(s), 2 hit(s), 0 error(s), 2 left on base; Phoenix 3 - Salt Lake City 0 |
TOP OF THE 6TH |
Phoenix Hotspur Reserves batting - Pitching for Salt Lake City Buzz : RHP Alberto García
|
Batting: RHB Mike Alford
|
0-0: Ball 1-0: Called Strike 1-1: Swinging Strike 1-2: Ball 2-2: Fly out, F9 (Flyball, 9LM)
|
Batting: SHB Jesús González
|
0-0: Called Strike 0-1: Swinging Strike 0-2: Ball 1-2: Strikes out swinging
|
Batting: RHB Christian O'Neal
|
0-0: Ball 1-0: Ball 2-0: Ground out 6-3 (Groundball, 6)
|
Top of the 6th over - 0 run(s), 0 hit(s), 0 error(s), 0 left on base; Phoenix 3 - Salt Lake City 0 |
BOTTOM OF THE 6TH |
Salt Lake City Buzz batting - Pitching for Phoenix Hotspur Reserves : RHP Bob Cook
|
Pitching: RHP Roderick Draper
|
|
Batting: RHB Gustavo Mateo
|
0-0: Ground out 5-3 (Groundball, 56)
|
Batting: SHB Wayne Saunders
|
0-0: Ball 1-0: Swinging Strike 1-1: Called Strike 1-2: Strikes out swinging
|
Batting: SHB Carlton Reed
|
0-0: Ball 1-0: Ball 2-0: Ground out 4-3 (Groundball, 4)
|
Bottom of the 6th over - 0 run(s), 0 hit(s), 0 error(s), 0 left on base; Phoenix 3 - Salt Lake City 0 |
TOP OF THE 7TH |
Phoenix Hotspur Reserves batting - Pitching for Salt Lake City Buzz : RHP Alberto García
|
Batting: RHB Gabriel Pérez
|
0-0: SINGLE (Groundball, 5D)
|
Batting: RHB Júlio Mateo
|
0-0: Ball 1-0: Called Strike 1-1: Ball 2-1: Foul Ball, location: 2F 2-2: Strikes out looking
|
Batting: RHB Martín Martínez
|
0-0: Called Strike Gabriel Pérez is caught stealing 2nd base 0-1: Foul Ball, location: 2F 0-2: Ball 1-2: Strikes out swinging
|
Top of the 7th over - 0 run(s), 1 hit(s), 0 error(s), 0 left on base; Phoenix 3 - Salt Lake City 0 |
BOTTOM OF THE 7TH |
Salt Lake City Buzz batting - Pitching for Phoenix Hotspur Reserves : RHP Roderick Draper
|
Batting: RHB Zach Lewis
|
0-0: SINGLE (Groundball, 34D)
|
Batting: RHB Jim Coffey
|
0-0: Ball 1-0: Foul Ball, location: 2F 1-1: Foul Ball, location: 2F 1-2: Ball 2-2: Ball 3-2: Strikes out swinging
|
Batting: RHB Juan Martínez
|
0-0: Ball 1-0: Ball 2-0: Ball 3-0: Called Strike 3-1: Foul Ball, location: 2F 3-2: SINGLE (Groundball, 56D) Zach Lewis to second
|
Batting: RHB Roberto Ríos
|
0-0: Called Strike 0-1: Ground out 5-3 (Groundball, 5S) Zach Lewis to third Juan Martínez to second
|
Batting: LHB Valentín Salas
|
0-0: Ball 1-0: Ball 2-0: Called Strike 2-1: Ball 3-1: Foul Ball, location: 2F 3-2: Foul Ball, location: 2F 3-2: Base on Balls
|
Batting: LHB George Huffman
|
0-0: Called Strike 0-1: Fly out, F7 (Line Drive, 78M)
|
Bottom of the 7th over - 0 run(s), 2 hit(s), 0 error(s), 3 left on base; Phoenix 3 - Salt Lake City 0 |
TOP OF THE 8TH |
Phoenix Hotspur Reserves batting - Pitching for Salt Lake City Buzz : RHP Alberto García
|
Batting: SHB Roberto López
|
0-0: Called Strike 0-1: Ball 1-1: Foul Ball, location: 2F 1-2: Fly out, F8 (Flyball, 8RM)
|
Batting: RHB Randy Rehling
|
0-0: Called Strike 0-1: Ball 1-1: Ball 2-1: Foul Ball, location: 2F 2-2: Foul Ball, location: 2F 2-2: SINGLE (Groundball, 34)
|
Batting: RHB Fernando Rivera
|
0-0: Swinging Strike Passed Ball! Randy Rehling to second 0-1: Swinging Strike 0-2: Ball 1-2: Strikes out swinging
|
Batting: RHB Mike Alford
|
0-0: Ball 1-0: Ground out 4-3 (Groundball, 4)
|
Top of the 8th over - 0 run(s), 1 hit(s), 0 error(s), 1 left on base; Phoenix 3 - Salt Lake City 0 |
BOTTOM OF THE 8TH |
Salt Lake City Buzz batting - Pitching for Phoenix Hotspur Reserves : RHP Roderick Draper
|
Batting: RHB Gustavo Mateo
|
0-0: Called Strike 0-1: Called Strike 0-2: Strikes out swinging
|
Pitching: RHP Pat McCormick
|
|
Batting: SHB Wayne Saunders
|
0-0: Ball 1-0: Called Strike 1-1: Ball 2-1: Ground out U3 (Groundball, 3L)
|
Batting: SHB Carlton Reed
|
0-0: Swinging Strike 0-1: Swinging Strike 0-2: Ball 1-2: Strikes out swinging
|
Bottom of the 8th over - 0 run(s), 0 hit(s), 0 error(s), 0 left on base; Phoenix 3 - Salt Lake City 0 |
TOP OF THE 9TH |
Phoenix Hotspur Reserves batting - Pitching for Salt Lake City Buzz : RHP Alberto García
|
Batting: SHB Jesús González
|
0-0: Swinging Strike 0-1: Ball 1-1: Foul Ball, location: 2F 1-2: Strikes out swinging
|
Batting: RHB Christian O'Neal
|
0-0: Foul Ball, location: 2F 0-1: Foul Ball, location: 2F 0-2: Strikes out swinging
|
Batting: RHB Gabriel Pérez
|
0-0: Called Strike 0-1: Ball 1-1: Swinging Strike 1-2: Foul Ball, location: 2F 1-2: Foul Ball, location: 2F 1-2: Fly out, F9 (Flyball, 9M)
|
Top of the 9th over - 0 run(s), 0 hit(s), 0 error(s), 0 left on base; Phoenix 3 - Salt Lake City 0 |
BOTTOM OF THE 9TH |
Salt Lake City Buzz batting - Pitching for Phoenix Hotspur Reserves : RHP Pat McCormick
|
Pitching: RHP Luis Fernández
|
|
Batting: RHB Zach Lewis
|
0-0: Ground out 6-3 (Groundball, 56)
|
Batting: RHB Jim Coffey
|
0-0: Ball 1-0: SINGLE (Line Drive, 78S)
|
Batting: RHB Juan Martínez
|
0-0: Called Strike 0-1: Grounds into double play, 6-4-3 (Groundball, 6)
|
Bottom of the 9th over - 0 run(s), 1 hit(s), 0 error(s), 0 left on base; Phoenix 3 - Salt Lake City 0 |
|